 Dungeon Crawl Stone Soup version 0.29-a0-371-g91724d5b39 (webtiles) character file.

Game seed: 2325072849603123608

35924 Bruhh the Nimble (level 13, -2/104 HPs)
             Began as a Gnoll Monk on May 3, 2022.
             Was the Champion of Okawaru.
             Slain by a catoblepas (7 damage)
             ... while petrified by a catoblepas
             ... on level 4 of the Lair of Beasts.
             The game lasted 00:46:17 (17243 turns).

Bruhh the Nimble (Gnoll Monk)                      Turns: 17243, Time: 00:46:18

Health: -2/104     AC: 16    Str: 21    XL:     13   Next: 87%
Magic:  27/34      EV:  2    Int: 12    God:    Okawaru [******]
Gold:   977        SH:  0    Dex: 17    Spells: 22/28 levels left

rFire   . . .      SeeInvis .   n - +9 mace of Bile {flame, rN+ MP+9 Stlth+}
rCold   + + .      Faith    .   (no shield)
rNeg    + + +      Spirit   .   L - +0 acid dragon scales
rPois   ∞          Reflect  .   a - +0 helmet of the Blessed Realm {rC+}
rElec   .          Harm     .   Q - +2 cloak {rCorr}
rCorr   +          Rampage  .   (no gloves)
Will    .....                   P - +2 pair of boots
Stlth   +++++.....              t - amulet of regeneration
HPRegen 1.07/turn               F - +6 ring of strength
MPRegen 0.24/turn               E - ring of wizardry

@: petrified
A: fangs 1, strong nose, distributed training, cold resistance 1, sense
surroundings 1, strong 2, noise suppression
a: Renounce Religion, Heroism, Finesse, Duel


You were on level 4 of the Lair of Beasts.
You worshipped Okawaru.
Okawaru was exalted by your worship.
You visited 2 branches of the dungeon, and saw 15 of its levels.

You collected 977 gold pieces.

Inventory:

Hand Weapons
 k - the +1 great sword of Dim Light {elec, Will+}
   (You acquired it on level 9 of the Dungeon)

   It occasionally discharges a powerful burst of electricity upon striking a
   foe.
   Will:      It increases your willpower.
 n - the +9 mace of Bile (weapon) {flame, rN+ MP+9 Stlth+}
   (You found it on level 2 of the Dungeon)

   It burns those it strikes, dealing additional fire damage.
   rN:        It protects you from negative energy.
   MP:        It affects your magic capacity (+9).
   Stlth:     It makes you more stealthy.
 W - a +1 triple sword of freezing
Missiles
 r - 5 atropa-tipped darts
 M - 4 javelins
 O - 2 throwing nets (quivered)
 U - 5 curare-tipped darts
Armour
 a - the +0 helmet of the Blessed Realm (worn) {rC+}
   (Okawaru gifted it to you on level 10 of the Dungeon)

   rC:        It protects you from cold.
 z - a +0 helmet
 L - +0 acid dragon scales (worn)
 P - a +2 pair of boots (worn)
 Q - a +2 cloak of preservation (worn)
Jewellery
 d - a +4 ring of evasion
 l - a ring of ice
 p - an amulet of reflection
 t - an amulet of regeneration (around neck)
 A - an amulet of guardian spirit
 E - a ring of wizardry (right hand)
 F - a +6 ring of strength (left hand)
 V - a +4 ring of evasion
 Y - a +4 ring of protection
Wands
 v - a wand of polymorph (5)
 w - a wand of flame (26)
 H - a wand of acid (6)
 I - a wand of digging (8)
 R - a wand of paralysis (15)
 S - a wand of iceblast (19)
Scrolls
 b - 3 scrolls of identify
 e - 3 scrolls of enchant weapon
 h - 2 scrolls of blinking
 j - 9 scrolls of amnesia
 q - 4 scrolls of teleportation
 s - 2 scrolls of magic mapping
 y - a scroll of summoning
 B - 2 scrolls of torment
 C - 2 scrolls of immolation
 G - a scroll of vulnerability
 N - a scroll of fear
 T - a scroll of fog
 X - a scroll of brand weapon
Potions
 c - a potion of ambrosia
 f - a potion of haste {unknown}
 g - 3 potions of attraction
 i - 2 potions of lignification
 m - a potion of brilliance
 o - 3 potions of curing
 u - 5 potions of heal wounds
 x - a potion of cancellation
 D - 2 potions of degeneration
 J - a potion of berserk rage
 K - 2 potions of invisibility


   Skills:
 + Level 10.5 Fighting
 + Level 8.2 Short Blades
 + Level 10.5 Long Blades
 + Level 8.2 Axes
 + Level 8.2 Maces & Flails
 + Level 8.2 Polearms
 + Level 8.2 Staves
 + Level 8.2 Slings
 + Level 8.2 Bows
 + Level 8.2 Crossbows
 + Level 8.2 Throwing
 + Level 8.2 Armour
 + Level 10.5 Dodging
 + Level 9.3 Stealth
 + Level 8.2 Shields
 + Level 8.2 Unarmed Combat
 + Level 8.2 Spellcasting
 + Level 6.8 Conjurations
 + Level 6.8 Hexes
 + Level 6.8 Summonings
 + Level 6.8 Necromancy
 + Level 6.8 Translocations
 + Level 6.8 Transmutations
 + Level 6.8 Fire Magic
 + Level 6.8 Ice Magic
 + Level 6.8 Air Magic
 + Level 6.8 Earth Magic
 + Level 6.8 Poison Magic
 + Level 9.0 Invocations
 + Level 8.2 Evocations


You had 22 spell levels left.
You knew the following spells:

 Your Spells              Type           Power      Damage    Failure   Level
a - Blink                 Tloc           42%        N/A       1%          2
b - Olgreb's Toxic Radia  Pois           21%        N/A       4%          4

Your spell library contained the following spells:

 Spells                   Type           Power      Damage    Failure   Level
 Sting                    Tmut/Pois      84%        1d7       1%          1
 Poisonous Vapours        Pois/Air       42%        N/A       1%          2
 Gell's Gravitas          Tloc           21%        N/A       1%          3
 Lesser Beckoning         Tloc           21%        N/A       1%          3
 Teleport Other           Tloc           21%        N/A       1%          3
 Airstrike                Air            10%        N/A       4%          4
 Lightning Bolt           Conj/Air       10%        1d23      12%         5
 Manifold Assault         Tloc           21%        N/A       12%         5
 Summon Lightning Spire   Summ/Air       Unusable   N/A       N/A         4

Dungeon Overview and Level Annotations

Branches:
Dungeon (11/15)            Temple (0/1) D:5            Lair (4/6) D:10
  Swamp (0/4) Lair:3        Snake (0/4) Lair:3
    Orc: D:9-12

Altars:
Ashenzari
Dithmenos
Fedhas
Kikubaaqudgha
Makhleb
Nemelex Xobeh
Okawaru
Sif Muna
Vehumet
Zin

Shops:
D:6 =


Innate Abilities, Weirdness & Mutations

You have very sharp teeth.
Your uncanny sense of smell can sniff out nearby items.
Your experience applies equally to all skills.
Your flesh is cold resistant. (rC+)
You passively map a small area around you.
Your muscles are very strong. (Str +4)
You passively dampen the noise of your surroundings.


Message History

You hit the catoblepas but do no damage.
The catoblepas is heavily wounded.
You are engulfed in calcifying dust.
The catoblepas breathes a plume of calcifying dust at you.
The blast of calcifying dust hits you but does no damage.
You hit the catoblepas. You burn the catoblepas.
The catoblepas is heavily wounded.
You are engulfed in calcifying dust.
The catoblepas gores you!
You hit the catoblepas. You burn the catoblepas.
The catoblepas is severely wounded.
You are engulfed in calcifying dust.
The catoblepas gores you!! The catoblepas gores you.
You hit the catoblepas. You burn the catoblepas.
The catoblepas is severely wounded.
The catoblepas breathes a plume of calcifying dust at you.
The blast of calcifying dust hits you but does no damage.
You hit the catoblepas. You burn the catoblepas.
You bite the catoblepas, but do no damage.
The catoblepas is almost dead.
You are engulfed in calcifying dust.
You are slowing down.
The catoblepas gores you! The catoblepas gores you!!
The catoblepas breathes a plume of calcifying dust at you.
The blast of calcifying dust hits you!
Your limbs are stiffening.
The catoblepas breathes a plume of calcifying dust at you.
The blast of calcifying dust hits you but does no damage.
You have turned to stone.
You are engulfed in calcifying dust.
The catoblepas gores you!
You are engulfed in calcifying dust.
The catoblepas gores you!
You are engulfed in calcifying dust.
The catoblepas gores you!
* * * LOW HITPOINT WARNING * * *
You are engulfed in calcifying dust.
The catoblepas gores you!
* * * LOW HITPOINT WARNING * * *
You are engulfed in calcifying dust.
The catoblepas gores you!!
* * * LOW HITPOINT WARNING * * *
The catoblepas gores you!
* * * LOW HITPOINT WARNING * * *
The catoblepas gores you!
You die...

, * , * ......P... ,
,###......P.. , , ,
.#........ ., ,
......P.#,.#. ** *
##.....#.##..#.* , *
####P............. ,
##.................
.......@Y......... ..
....................... ,
.............##.##..... ,
,,,,............##....#....
#.###........#....#....# ,,
*#** #.......##...#......
*##.......#.......... , * ,
#......#....#P....# , *
#......##...##.....


You could see a catoblepas (poisoned).

Vanquished Creatures
  Fannar (Lair:1)
  Erica (Arena)
  A catoblepas (Lair:2)
  A centaur warrior (D:9)
  2 two-headed ogres
  Sonja (D:10)
  A manticore (D:10)
  Maurice (D:10)
  Joseph (D:10)
  5 elephants (Lair:4)
  3 cane toads
  A rime drake (Lair:1)
  2 kobold demonologists (D:10)
  4 komodo dragons
  2 trolls
  2 polar bears
  Prince Ribbit (D:7)
  4 blink frogs (Lair:2)
  25 yaks
  A wyvern (Lair:2)
  Eustachio (D:4)
  A basilisk (Lair:1)
  3 vampire mosquitoes (D:10)
  A steam dragon (D:8)
  2 acid dragons
  9 water moccasins
  4 orc warriors
  3 black bears (D:10)
  An ice beast (D:7)
  5 wolves (Lair:3)
  5 centaurs
  2 kobold brigands (D:10)
  12 bullfrogs
  2 gnoll sergeants
  4 scorpions
  3 necrophages
  7 wights (D:10)
  7 killer bees
  2 electric eels (Lair:2)
  4 howler monkeys
  A crimson imp (D:7)
  2 hounds
  A gnoll shaman (D:10)
  11 orc priests
  4 jellies
  4 iguanas
  12 orc wizards
  Robin (D:2)
  17 gnolls
  6 adders
  A white imp (D:6)
  5 worms
  48 orcs
  6 ball pythons
  8 endoplasms
  4 giant cockroaches
  11 goblins
  15 hobgoblins
  A quokka (D:4)
  9 bats
  3 frilled lizards
  11 kobolds
  2 rats
321 creatures vanquished.

Vanquished Creatures (others)
  A human (D:8)
  55 fungi
  53 plants
109 creatures vanquished.

Grand Total: 430 creatures vanquished

Notes
Turn   | Place    | Note
-------+----------+-------------------------------------------
     0 | D:1      | Bruhh the Gnoll Monk began the quest for the Orb.
     0 | D:1      | Reached XP level 1. HP: 23/23 MP: 1/1
   167 | D:1      | Reached XP level 2. HP: 28/29 MP: 2/2
   465 | D:1      | Found a faded altar of an unknown god.
   528 | D:1      | Prayed at the altar of an unknown god.
   528 | D:1      | Became a worshipper of Warmaster Okawaru
   528 | D:1      | Reached * piety under Okawaru
   528 | D:1      | Reached ** piety under Okawaru
   896 | D:2      | Reached XP level 3. HP: 22/35 MP: 3/3
  1048 | D:2      | Noticed Robin
  1468 | D:1      | Reached skill level 1 in Invocations
  1785 | D:2      | Killed Robin
  1786 | D:2      | Reached skill level 1 in Short Blades
  1786 | D:2      | Reached skill level 1 in Axes
  1786 | D:2      | Reached skill level 1 in Maces & Flails
  1786 | D:2      | Reached skill level 1 in Polearms
  1786 | D:2      | Reached skill level 1 in Staves
  1786 | D:2      | Reached skill level 1 in Slings
  1786 | D:2      | Reached skill level 1 in Bows
  1786 | D:2      | Reached skill level 1 in Crossbows
  1786 | D:2      | Reached skill level 1 in Throwing
  1786 | D:2      | Reached skill level 1 in Armour
  1786 | D:2      | Reached skill level 1 in Shields
  1786 | D:2      | Reached skill level 1 in Unarmed Combat
  1786 | D:2      | Reached skill level 1 in Spellcasting
  1786 | D:2      | Reached skill level 1 in Evocations
  1997 | D:2      | Reached XP level 4. HP: 41/41 MP: 5/5
  2047 | D:2      | Found a shadowy altar of Dithmenos.
  2223 | D:2      | Identified the +9 mace of Bile {flame, rN+ MP+9 Stlth+}
  2242 | D:2      | Reached *** piety under Okawaru
  2473 | D:2      | Reached skill level 1 in Conjurations
  2473 | D:2      | Reached skill level 1 in Hexes
  2473 | D:2      | Reached skill level 1 in Summonings
  2473 | D:2      | Reached skill level 1 in Necromancy
  2473 | D:2      | Reached skill level 1 in Translocations
  2473 | D:2      | Reached skill level 1 in Transmutations
  2473 | D:2      | Reached skill level 1 in Fire Magic
  2473 | D:2      | Reached skill level 1 in Ice Magic
  2473 | D:2      | Reached skill level 1 in Air Magic
  2473 | D:2      | Reached skill level 1 in Earth Magic
  2473 | D:2      | Reached skill level 1 in Poison Magic
  3027 | D:3      | Reached XP level 5. HP: 35/47 MP: 6/6
  3525 | D:4      | Reached XP level 6. HP: 53/53 MP: 8/8
  3568 | D:4      | Noticed Eustachio
  4463 | D:4      | Killed Eustachio
  4464 | D:4      | Reached XP level 7. HP: 35/60 MP: 10/10
  4555 | D:4      | Found a shimmering blue altar of Sif Muna.
  4955 | D:5      | Entered Level 5 of the Dungeon
  5009 | D:5      | Found a staircase to the Ecumenical Temple.
  5059 | D:5      | Reached **** piety under Okawaru
  5094 | D:5      | You fall into a shaft and drop 2 floors!
  5112 | D:7      | Noticed a troll
  5123 | D:7      | Killed a troll
  5124 | D:7      | Reached skill level 5 in Stealth
  5124 | D:7      | Reached XP level 8. HP: 53/67 MP: 12/12
  5751 | D:7      | Noticed Prince Ribbit
  5787 | D:7      | Killed Prince Ribbit
  5787 | D:7      | Reached ***** piety under Okawaru
  6005 | D:6      | Found Asaoxzih's Jewellery Shop.
  6214 | D:6      | Reached XP level 9. HP: 39/72 MP: 12/14
  6217 | D:6      | Learned a level 2 spell: Blink
  7150 | D:5      | Found a shadowy altar of Dithmenos.
  7154 | D:5      | Received a gift from Okawaru
  7159 | D:5      | Gained mutation: You occasionally shout uncontrollably at
                  | your foes. [potion of mutation]
  7159 | D:5      | Gained mutation: You sometimes lose the ability to read
                  | scrolls when taking damage. [potion of mutation]
  7159 | D:5      | Gained mutation: You have a pair of small horns on your
                  | head. [potion of mutation]
  7681 | D:5      | Lost mutation: You occasionally shout uncontrollably at
                  | your foes. [potion of mutation]
  7681 | D:5      | Lost mutation: You sometimes lose the ability to read
                  | scrolls when taking damage. [potion of mutation]
  7681 | D:5      | Lost mutation: You have a pair of small horns on your head.
                  | [potion of mutation]
  7681 | D:5      | Gained mutation: You possess an exceptional clarity of
                  | mind. [potion of mutation]
  7681 | D:5      | Gained mutation: You are frail. (-10% HP) [potion of
                  | mutation]
  7681 | D:5      | Gained mutation: You passively map a small area around you.
                  | [potion of mutation]
  7681 | D:5      | Gained mutation: Your flesh is cold resistant. (rC+)
                  | [potion of mutation]
  7682 | D:5      | Lost mutation: You are frail. (-10% HP) [potion of
                  | mutation]
  7682 | D:5      | Lost mutation: You possess an exceptional clarity of mind.
                  | [potion of mutation]
  7682 | D:5      | Gained mutation: Your muscles are strong. (Str +2) [potion
                  | of mutation]
  7682 | D:5      | Gained mutation: You passively dampen the noise of your
                  | surroundings. [potion of mutation]
  7682 | D:5      | Gained mutation: Your muscles are very strong. (Str +4)
                  | [potion of mutation]
  7951 | D:7      | Received a gift from Okawaru
  8017 | D:7      | Found a burning altar of Makhleb.
  8199 | D:7      | Reached skill level 5 in Invocations
  8692 | D:8      | Received a gift from Okawaru
  8814 | D:8      | Reached XP level 10. HP: 77/80 MP: 17/17
  8844 | D:8      | Identified the +1 chain mail of Fortitude {Rampage rC+
                  | Dex-5}
  8851 | D:8      | Noticed a two-headed ogre
  8864 | D:8      | Killed a two-headed ogre
  8865 | D:8      | Reached skill level 5 in Short Blades
  8865 | D:8      | Reached skill level 5 in Axes
  8865 | D:8      | Reached skill level 5 in Maces & Flails
  8865 | D:8      | Reached skill level 5 in Polearms
  8865 | D:8      | Reached skill level 5 in Staves
  8865 | D:8      | Reached skill level 5 in Slings
  8865 | D:8      | Reached skill level 5 in Bows
  8865 | D:8      | Reached skill level 5 in Crossbows
  8865 | D:8      | Reached skill level 5 in Throwing
  8865 | D:8      | Reached skill level 5 in Armour
  8865 | D:8      | Reached skill level 5 in Shields
  8865 | D:8      | Reached skill level 5 in Unarmed Combat
  8865 | D:8      | Reached skill level 5 in Spellcasting
  8865 | D:8      | Reached skill level 5 in Evocations
  9045 | D:8      | Found an ancient bone altar of Kikubaaqudgha.
  9167 | D:8      | Found a broken altar of Ashenzari.
  9170 | D:8      | Found a radiant altar of Vehumet.
  9175 | D:8      | Found a glowing silver altar of Zin.
  9539 | D:9      | Noticed a centaur warrior
  9545 | D:9      | Killed a centaur warrior
 10296 | D:9      | Learned a level 4 spell: Olgreb's Toxic Radiance
 10618 | D:9      | Found a blossoming altar of Fedhas.
 10650 | D:10     | Entered Level 10 of the Dungeon
 10672 | D:10     | Found a staircase to the Lair.
 10715 | D:10     | Noticed Erica
 10722 | Arena    | Entered the Arena
 10737 | Arena    | Killed Erica
 10738 | Arena    | Reached XP level 11. HP: 66/87 MP: 14/19
 10763 | D:10     | Identified 2 scrolls of acquirement
 10763 | D:10     | Acquired a +1 triple sword of protection
 11050 | D:10     | Found a sparkling altar of Nemelex Xobeh.
 11072 | D:10     | Noticed a manticore
 11078 | D:10     | Noticed Joseph
 11106 | D:9      | Acquired the +1 great sword of Dim Light {elec, Will+}
 11430 | D:10     | Noticed Sonja
 11443 | D:10     | Killed Sonja
 11693 | D:10     | Noticed Maurice
 11698 | D:10     | Killed Maurice
 11699 | D:10     | Reached skill level 5 in Conjurations
 11699 | D:10     | Reached skill level 5 in Hexes
 11699 | D:10     | Reached skill level 5 in Summonings
 11699 | D:10     | Reached skill level 5 in Necromancy
 11699 | D:10     | Reached skill level 5 in Translocations
 11699 | D:10     | Reached skill level 5 in Transmutations
 11699 | D:10     | Reached skill level 5 in Fire Magic
 11699 | D:10     | Reached skill level 5 in Ice Magic
 11699 | D:10     | Reached skill level 5 in Air Magic
 11699 | D:10     | Reached skill level 5 in Earth Magic
 11699 | D:10     | Reached skill level 5 in Poison Magic
 11839 | D:10     | Killed a manticore
 12171 | D:10     | Received a gift from Okawaru
 12633 | D:10     | Killed Joseph
 12832 | D:10     | Identified the +0 helmet of the Blessed Realm {rC+}
                  | (Okawaru gifted it to you on level 10 of the Dungeon)
 12832 | D:10     | Received a gift from Okawaru
 13105 | D:11     | Noticed a two-headed ogre
 13115 | D:11     | Killed a two-headed ogre
 13634 | Lair:1   | Entered Level 1 of the Lair of Beasts
 13870 | Lair:1   | Reached XP level 12. HP: 96/96 MP: 22/22
 14143 | Lair:1   | Noticed Fannar
 14168 | Lair:1   | Killed Fannar
 15673 | Lair:2   | Reached skill level 10 in Fighting
 15673 | Lair:2   | Reached skill level 10 in Long Blades
 15673 | Lair:2   | Reached skill level 10 in Dodging
 15810 | Lair:2   | Noticed a catoblepas
 15829 | Lair:2   | Killed a catoblepas
 15829 | Lair:2   | Received a gift from Okawaru
 16175 | Lair:3   | Reached XP level 13. HP: 104/104 MP: 25/25
 16330 | Lair:3   | Found a staircase to the Swamp.
 16517 | Lair:3   | Found a staircase to the Snake Pit.
 16834 | Lair:4   | Reached ****** piety under Okawaru
 16872 | Lair:4   | Received a gift from Okawaru
 17242 | Lair:4   | HP: 4/104 [catoblepas (7)]
 17243 | Lair:4   | Slain by a catoblepas

Illustrated notes

Levels and vault maps discovered:
D:1:      ncdulo_wetmaze, layout_basic, serial_forest,
          infiniplex_forest_lined_4_way, infiniplex_forest_side_room,
          infiniplex_forest_lined_3_way, infiniplex_forest_clump_curved,
          infiniplex_forest_clump_C, infiniplex_forest_end_3,
          infiniplex_forest_lined_ring, infiniplex_forest_lined_3_way,
          infiniplex_forest_clump_long, hellmonk_ecumenical_altar_crossroads
D:2:      layout_basic, basic_altar, kennysheep_generic_room_6, uniq_robin
D:3:      layout_basic
D:4:      minmay_recursive_quarters, layout_rooms, led_sif_book,
          minmay_close_crescents, uniq_eustachio
D:5:      layout_cave_pools, grunt_dithmenos_smoke,
          minmay_temple_entry_mini_moons
D:6:      layout_gridville, enter_ossuary_1, serial_shops, shop
D:7:      layout_basic, makhleb_grotto_becter, uniq_prince_ribbit1
D:8:      layout_loops_ring, tgw_kikubaaqudgha, grunt_temple_overflow_diamond
D:9:      layout_long_grid, fedhas_altar_4
D:10:     layout_basic, mainiacjoe_overflow_concentric_impassable,
          due_lair_maze_entry_diamond, hex_medium, uniq_maurice, uniq_sonja,
          uniq_joseph, uniq_erica
D:11:     layout_basic, ebering_dispersal_statue_hall,
          nicolae_figureground_sparkle
Lair:1:   layout_long_grid, lemuel_fruit_tree, lemuel_fruit_fields, uniq_fannar
Lair:2:   layout_small_grid, nicolae_lair_lil_pond, infiniplex_staircase_pool
Lair:3:   layout_roguey, swamp_mist, dummy_snake_entry
Lair:4:   layout_regular_city, minivault_24, serial_bayou_shore_b,
          serial_bayou_shore_b

Skill      XL: |  1  2  3  4  5  6  7  8  9 10 11 12 13 |
---------------+----------------------------------------+-----
Invocations    | 1 2 3 4 5 6 7 8 9 |  9.0
Short Blades   | 1 2 3 4 5 6 8 |  8.2
Axes           | 1 2 3 4 5 6 8 |  8.2
Maces & Flails | 1 2 3 4 5 6 8 |  8.2
Polearms       | 1 2 3 4 5 6 8 |  8.2
Staves         | 1 2 3 4 5 6 8 |  8.2
Slings         | 1 2 3 4 5 6 8 |  8.2
Bows           | 1 2 3 4 5 6 8 |  8.2
Crossbows      | 1 2 3 4 5 6 8 |  8.2
Throwing       | 1 2 3 4 5 6 8 |  8.2
Armour         | 1 2 3 4 5 6 8 |  8.2
Shields        | 1 2 3 4 5 6 8 |  8.2
Unarmed Combat | 1 2 3 4 5 6 8 |  8.2
Spellcasting   | 1 2 3 4 5 6 8 |  8.2
Evocations     | 1 2 3 4 5 6 8 |  8.2
Conjurations   | 1 2 3 4 5 6 |  6.8
Hexes          | 1 2 3 4 5 6 |  6.8
Summonings     | 1 2 3 4 5 6 |  6.8
Necromancy     | 1 2 3 4 5 6 |  6.8
Translocations | 1 2 3 4 5 6 |  6.8
Transmutations | 1 2 3 4 5 6 |  6.8
Fire Magic     | 1 2 3 4 5 6 |  6.8
Ice Magic      | 1 2 3 4 5 6 |  6.8
Air Magic      | 1 2 3 4 5 6 |  6.8
Earth Magic    | 1 2 3 4 5 6 |  6.8
Poison Magic   | 1 2 3 4 5 6 |  6.8
Fighting       | 7 8 9 10 | 10.5
Long Blades    | 7 8 9 10 | 10.5
Dodging        | 7 8 9 10 | 10.5
Stealth        | 5 6 7 8 9 |  9.3

Action                   |  1- 3 |  4- 6 |  7- 9 | 10-12 | 13-15 || total
-------------------------+-------+-------+-------+-------+-------++-------
Melee: Falchion          |    89 |    19 |       |       |       ||   108
       Bite              |     9 |    12 |    24 |    78 |    13 ||   136
       Mace              |       |    80 |   266 |   567 |    85 ||   998
       Punch             |       |     1 |    11 |    35 |    11 ||    58
       Headbutt          |       |       |     3 |       |       ||     3
       Triple sword      |       |       |       |     6 |       ||     6
Throw: Throwing net      |       |     1 |       |       |       ||     1
 Cast: Olgreb's Toxic Ra |       |       |       |    10 |     3 ||    13
Invok: Heroism           |     1 |     1 |     4 |     7 |       ||    13
       Finesse           |       |       |       |     2 |       ||     2
       Duel              |       |       |       |     1 |       ||     1
Evoke: Wand              |       |       |       |     1 |       ||     1
  Use: Potion            |       |       |     5 |     4 |       ||     9
       Scroll            |       |       |       |    20 |       ||    20
 Stab: Sleeping          |     8 |     8 |    10 |    10 |     1 ||    37
       Distracted        |       |     1 |       |     5 |       ||     6
Armor: Robe              |    16 |    19 |    19 |       |       ||    54
       Acid dragon scale |       |       |    10 |   205 |    51 ||   266
       Leather armour    |       |       |     3 |       |       ||     3
Dodge: Dodged            |   107 |   197 |   391 |   769 |   171 ||  1635

Table legend: (Time is in decaauts)
 A = Elapsed time spent in this place.
 B = Non-inter-level travel time spent in this place.
 C = Inter-level travel time spent in this place.
 D = Time resting spent in this place.
 E = Time spent auto-exploring this place.
 F = Levels seen in this place.
 G = Mean time per level.
                   A        B        C        D        E       F      G
               +--------+--------+--------+--------+--------+-----+--------+
         Total |  17366 |  16853 |    513 |   2479 |  11168 |  16 | 1085.4 |
       Dungeon |  13734 |  13316 |    418 |   2479 |   8237 |  11 | 1248.5 |
          Lair |   3608 |   3513 |     95 |      0 |   2931 |   4 |  902.0 |
         Arena |     23 |     23 |      0 |      0 |      0 |   1 |   23.0 |
               +--------+--------+--------+--------+--------+-----+--------+

Top non-repeatable levels by time:
    D:10: 2339 daAuts
     D:9: 1782 daAuts
     D:3: 1496 daAuts
     D:7: 1401 daAuts
     D:1: 1383 daAuts
     D:2: 1373 daAuts
  Lair:1: 1342 daAuts
     D:6: 1275 daAuts
  Lair:2: 1104 daAuts
     D:8: 950 daAuts
     D:5: 844 daAuts
     D:4: 776 daAuts
  Lair:3: 712 daAuts
  Lair:4: 448 daAuts
    D:11: 111 daAuts
